 Dungeon Crawl Stone Soup version 0.25-a0-663-gace7076f2c (webtiles) character file.

Game seed: 16354630317517676077, levelgen mode: deterministic

78 Alarkh the Slasher (level 4, 35/35 HPs)
             Began as a Demonspawn Fighter on Mar 25, 2020.
             Got out of the dungeon alive.
             The game lasted 00:01:16 (1288 turns).

Alarkh the Slasher (Demonspawn Fighter)             Turns: 1288, Time: 00:01:16

Health: 35/35      AC:  6    Str: 16    XL:     4   Next: 15%
Magic:  4/4        EV:  9    Int: 11    God:
Gold:   55         SH:  8    Dex: 12    Spells: 3/3 levels left

rFire    + . .     SeeInvis .   a - +0 long sword
rCold    . . .     Gourm    .   c - +0 kite shield
rNeg     . . .     Faith    .   b - +0 scale mail
rPois    .         Spirit   .   (no helmet)
rElec    .         Reflect  .   (no cloak)
rCorr    .         Harm     .   (no gloves)
MR       .....                  (no boots)
Stlth    ..........             (no amulet)
HPRegen  0.11/turn              j - ring of flight
MPRegen  0.09/turn              (no ring)

@: no status effects
A: repulsion field 2, fire resistance 1
a: Evoke Flight


You escaped.
You were not hungry.

You visited 1 branch of the dungeon, and saw 2 of its levels.

You collected 55 gold pieces.

Inventory:

Hand Weapons
 a - a +0 long sword (weapon)
Armour
 b - a +0 scale mail (worn)
 c - a +0 kite shield (worn)
Jewellery
 j - a ring of flight (left hand)
Scrolls
 g - a scroll of teleportation {unknown}
 h - a scroll of remove curse {unknown}
 i - a scroll of blinking {unknown}
 k - a scroll of identify {unknown}
 m - a scroll of amnesia {unknown}
Potions
 d - a potion of might
 e - a potion of curing {unknown}
 l - a potion of lignification {unknown}
Comestibles
 f - 8 rations
 n - 3 chunks of flesh


   Skills:
 - Level 3.0 Fighting
 + Level 4.1 Long Blades
 - Level 2.6 Armour
 - Level 2.6 Shields


You had 3 spell levels left.
You didn't know any spells.
Your spell library was empty.

Dungeon Overview and Level Annotations

Branches:
Dungeon (2/15)

Altars:


Innate Abilities, Weirdness & Mutations

You are surrounded by a moderate repulsion field. (EV +3)
Your flesh is heat resistant. (rF+)


Message History

A frilled lizard comes into view.
The frilled lizard hisses angrily.
Found a ring mail.
You block the frilled lizard's attack.
You slash the frilled lizard!
You kill the frilled lizard!
No target in view!
No target in view!
No target in view!
No target in view!
No target in view!
No target in view!
No target in view!
No target in view!
There is a stone staircase leading up here.
You climb upwards.
There is a stone staircase leading down here.
There is a staircase leading out of the dungeon here.
Are you sure you want to leave the Dungeon?
This will make you lose the game!
You have escaped!

#.# #..........###..#.## #.#
#...#####.....###### ..#
#..##...#)....#...##
######...#.8.#.....#.8.##
###>.....#...#.....#...##
#.....#..#####.....##############
#.#.#.#..........................
........(..........).....#######.
#.#)#^#.#.......@.......## #.
......#.................# #.
###(###.................# #. #.#
#.######.....###### #.
###(###.##...#.....#...##### #.
........##.8.#.....#.8.#...# #.
.#####...#...#.....#...###.#####.
.# #.#######.....#######.......
.# #.###.###.####.########.....


There were no monsters in sight!

Vanquished Creatures
  An adder (D:2)
  An adder zombie (D:2)
  An adder skeleton (D:2)
  2 worms (D:2)
  2 dart slugs
  A leopard gecko (D:1)
  A ball python (D:2)
  3 giant cockroaches (D:1)
  3 goblins
  7 hobgoblins
  8 jackals (D:2)
  5 kobolds
  3 bats
  3 frilled lizards
  A giant cockroach zombie (D:2)
  A leopard gecko skeleton (D:2)
  A quokka skeleton (D:2)
  4 rats (D:1)
48 creatures vanquished.

Notes
Turn   | Place    | Note
-------+----------+-------------------------------------------
     0 | D:1      | Alarkh the Demonspawn Fighter began the quest for the Orb.
     0 | D:1      | Reached XP level 1. HP: 18/18 MP: 1/1
    24 | D:1      | Reached skill level 2 in Long Blades
    74 | D:1      | Gained mutation: You are surrounded by a mild repulsion
                  | field. (EV +2) [demonic ancestry]
    74 | D:1      | Reached XP level 2. HP: 19/24 MP: 2/2
   216 | D:1      | Reached skill level 3 in Long Blades
   645 | D:2      | Gained mutation: You are surrounded by a moderate repulsion
                  | field. (EV +3) [demonic ancestry]
   645 | D:2      | Reached XP level 3. HP: 27/29 MP: 3/3
  1213 | D:2      | Gained mutation: Your flesh is heat resistant. (rF+)
                  | [demonic ancestry]
  1213 | D:2      | Reached XP level 4. HP: 33/35 MP: 4/4
  1216 | D:2      | Reached skill level 4 in Long Blades
  1288 | D:$      | Got out of the dungeon alive.

Levels and vault maps discovered:
D:1:      minmay_arrival_glassed_features, layout_loops_ring
D:2:      layout_basic, serial_undead, serial_undead_c, serial_undead_d,
          serial_undead_f, serial_undead_a, first_ration

Skill      XL: |  1  2  3  4 |
---------------+-------------+-----
Long Blades    | 2 3 4 |  4.1
Fighting       | |  3.0
Armour         | |  2.6
Shields        | |  2.6

Action                   |  1- 3 |  4- 6 || total
-------------------------+-------+-------++-------
Melee: Long sword        |   159 |     4 ||   163
  Eat: Chunk             |     1 |     1 ||     2
Armor: Scale mail        |    69 |     2 ||    71
Dodge: Dodged            |    55 |     1 ||    56
Block: Kite shield       |    74 |     2 ||    76
       Rpst.: Long sword |    18 |       ||    18

Table legend:
 A = Non-vault XP
 B = Vault XP
 C = Vault XP percentage of total XP
 D = Non-vault monster count
 E = Vault monster count
 F = Vault count percentage of total count
                 A         B        C        D         E       F
            +---------+---------+-------+---------+---------+-------
      Total |      98 |      14 |  12.5 |      43 |       5 |  10.4
            +---------+---------+-------+---------+---------+-------
        D:1 |      40 |       0 |   0.0 |      22 |       0 |   0.0
        D:2 |      58 |      14 |  19.4 |      21 |       5 |  19.2
            +---------+---------+-------+---------+---------+-------
